 Dungeon Crawl Stone Soup version 0.29.1-1-gd02db6906a (webtiles) character file.

Game seed: 15424127722101487957

17 Godmorgon the Trooper (level 2, -5/27 HPs)
             Began as a Minotaur Fighter on Sept 15, 2022.
             Constricted to death by Natasha (6 damage)
             ... on level 2 of the Dungeon.
             The game lasted 00:02:46 (831 turns).

Godmorgon the Trooper (Minotaur Fighter)             Turns: 831, Time: 00:02:46

Health: -5/27      AC: 10    Str: 20    XL:     2   Next: 44%
Magic:  1/1        EV:  6    Int:  5    God:
Gold:   88         SH:  4    Dex:  9    Spells: 1/1 levels left

rFire   + . .      SeeInvis .   a - +0 flail
rCold   . . .      Faith    .   c - +0 buckler
rNeg    . . .      Spirit   .   f - +0 scale mail {rC+}
rPois   .          Reflect  .   (helmet restricted)
rElec   .          Harm     .   (no cloak)
rCorr   .          Rampage  .   (no gloves)
Will    .....                   (no boots)
Stlth   ..........              (no amulet)
HPRegen 0.09/turn               e - +4 ring of protection
MPRegen 0.07/turn               h - ring of fire

@: mighty, grasped by roots, constricted
A: horns 2, retaliatory headbutt
a: no special abilities


You were on level 2 of the Dungeon.
You visited 1 branch of the dungeon, and saw 2 of its levels.

You collected 88 gold pieces.

Inventory:

Hand Weapons
 a - a +0 flail (weapon)
Armour
 c - a +0 buckler (worn)
 f - a +0 scale mail of cold resistance (worn)
Jewellery
 e - a +4 ring of protection (left hand)
 h - a ring of fire (right hand)
Scrolls
 b - 2 scrolls of identify {unknown}
Potions
 g - a potion of ambrosia {unknown}


   Skills:
 + Level 4.0 Fighting
 * Level 3.4 Maces & Flails
 - Level 3.6 Armour
 - Level 3.6 Shields


You had one spell level left.
You didn't know any spells.
Your spell library was empty.

Dungeon Overview and Level Annotations

Branches:
Dungeon (2/15)

Altars:

Annotations:
D:2 Natasha


Innate Abilities, Weirdness & Mutations

You have a pair of horns on your head.
You reflexively headbutt those who attack you in melee.


Message History

* * * LOW HITPOINT WARNING * * *
An adder comes into view.
Natasha claws you but does no damage. The grasping roots constrict you.
* * * LOW HITPOINT WARNING * * *
The grasping roots release their grip on you.
You closely miss Natasha. Your headbutt misses Natasha.
Natasha is almost dead.
The adder bites you but does no damage. Natasha claws you but does no damage.
You barely miss Natasha.
Natasha is almost dead.
The adder bites you but does no damage.
Natasha stares at you and mumbles some strange words.
The magic dart hits you.
* * * LOW HITPOINT WARNING * * *
The adder attacks as you move away! The adder bites you but does no damage.
Natasha attacks as you move away! Natasha closely misses you.
Natasha zaps a wand.
The roots erupt in riotous growth!
The adder is unaffected.
The grasping roots grab you!
Natasha is unaffected.
The grasping roots constrict you.
* * * LOW HITPOINT WARNING * * *
You block the adder's attack.
The roots grasp on you weakens, but your attempt to escape fails.
The adder barely misses you. The grasping roots constrict you.
You escape the roots grasp.
Natasha mumbles some strange words.
There is a stone staircase leading up here.
You feel very mighty all of a sudden. The adder bites you but does no damage.
Natasha zaps a wand.
The roots erupt in riotous growth!
The adder is unaffected.
The grasping roots grab you! The grasping roots constrict you.
* * * LOW HITPOINT WARNING * * *
You block the adder's attack.
You sock the adder! Your headbutt misses the adder.
The adder is severely wounded.
Natasha mumbles some strange words.
Natasha glows brightly for a moment.
The grasping roots constrict you.
You die...

#
####.####
#.@.....#
#S##.##.#
#h# #
#..5....#
#####.###
.# .# .#
.#


You could see Natasha, a crimson imp (summoned) and an adder.

Vanquished Creatures
  A dart slug (D:1)
  A ball python (D:1)
  An endoplasm (D:1)
  A giant cockroach (D:1)
  4 hobgoblins (D:1)
  A bat (D:1)
  A frilled lizard (D:1)
  2 kobolds (D:1)
  2 rats (D:1)
14 creatures vanquished.

Notes
Turn   | Place    | Note
-------+----------+-------------------------------------------
     0 | D:1      | Godmorgon the Minotaur Fighter began the quest for the Orb.
     0 | D:1      | Reached XP level 1. HP: 19/19 MP: 0/0
   275 | D:1      | Reached XP level 2. HP: 25/27 MP: 1/1
   424 | D:1      | Reached skill level 4 in Fighting
   818 | D:2      | Noticed Natasha
   830 | D:2      | HP: 1/27 [constriction (1)]
   830 | D:2      | Noticed a crimson imp
   831 | D:2      | Constricted to death by Natasha

Illustrated notes

Levels and vault maps discovered:
D:1:      minmay_arrival_shoal_huts, layout_loops_ring
D:2:      layout_loops_cross, chequers_ecumenical_altar_island,
          palyth_stone_intersect, minmay_misc_feat_pillars, minmay_hexomino_f4,
          uniq_natasha, uniq_sigmund

Skill      XL: |  1  2 |
---------------+-------+-----
Maces & Flails | 3 |  3.4
Fighting       | 4 |  4.0
Armour         | |  3.6
Shields        | |  3.6

Action                   || total
-------------------------++-------
Melee: Flail             ||    47
       Headbutt          ||     4
  Use: Potion            ||     1
Armor: Scale mail        ||    25
Dodge: Dodged            ||    20
Block: Buckler           ||     6
